 Dungeon Sprint DCSS version 0.16-a0-3781-g2316936 (console) character file.

14742 Monkaria the Brawler (level 11, -7/115 HPs)
             Began as a Troll Fighter on Jan 25, 2015.
             Was the Champion of Makhleb.
             Killed from afar by a deep elf knight (31 damage)
             ... with a shard of ice
             ... in the Dungeon (Sprint IX: "|||||||||||||||||||||||||||||").
             The game lasted 00:14:48 (1886 turns).

Monkaria the Brawler (Troll Fighter)                Turns: 1886, Time: 00:14:49

Health: -7/115     AC: 10    Str: 29    XL:     11   Next: 92%
Magic:  4/4        EV: 13    Int:  4    God:    Makhleb [******]
Gold:   1535       SH: 22    Dex:  9    Spells: 0 memorised, 10 levels left

rFire  + . .     SeeInvis +       - Unarmed
rCold  + . .     Clarity  .     f - +2 robe {rC+ rF+}
rNeg   . . .     SustAb   .     J - +1 large shield
rPois  +         Gourm    +     (helmet restricted)
rElec  .         Spirit   .     q - +1 cloak
rCorr  .         Warding  .     (gloves unavailable)
rMut   .         NoTele   +     (boots unavailable)
MR     .....                    (no amulet)
Stlth  +.........               F - ring of see invisible
                                H - ring of poison resistance

@: not resistant to hostile enchantments, very unstealthy
A: unfitting armour, claws 3, fast metabolism 3, gourmand, regeneration 2,
shaggy fur 1, tough skin 2
a: Minor Destruction, Lesser Servant of Makhleb, Major Destruction, Greater
Servant of Makhleb, Renounce Religion


You were in the Dungeon.
You worshipped Makhleb.
Makhleb was exalted by your worship.
You were full.

You visited 1 branch You collected 1916 gold pieces.
You spent 381 gold pieces at shops.

Inventory:

Hand weapons
 p - a +2 scimitar of flaming
 t - a +0 shortbow
 I - the +7 rapier of Dismemberment {distort, rC+}
   (You found it in the Dungeon)

   It warps and distorts space around it.
   Unwielding it can cause banishment or high damage.
   It protects you from cold.
Missiles
 u - 13 arrows of flame
 z - 18 poisoned needles
Armour
 f - a +2 robe of resistance (worn)
 q - a +1 cloak (worn)
 J - a +1 large shield (worn)
 K - a +0 mottled dragon armour
 L - a +1 ice dragon armour
Jewellery
 r - a +3 ring of dexterity
 s - a +2 ring of protection
 D - an uncursed ring of protection from magic
 E - an uncursed ring of protection from cold
 F - a ring of see invisible (right claw)
 G - an uncursed ring of protection from cold
 H - a ring of poison resistance (left claw)
Magical devices
 o - a wand of cold (3)
Scrolls
 j - 3 scrolls of blinking
 m - 3 scrolls of remove curse
 n - 2 scrolls of amnesia
 w - 2 scrolls of fog
 x - a scroll of identify
 y - 2 scrolls of recharging
 N - 2 scrolls of enchant armour
 O - a scroll of fear
Potions
 d - 8 potions of curing
 e - a potion of might
 g - a potion of haste
 h - 4 potions of magic
 i - 4 potions of berserk rage
 k - 2 potions of agility
 l - a potion of invisibility
 v - a potion of mutation {unknown}
 A - a potion of restore abilities
Comestibles
 a - 14 meat rations
 B - 40 fruits
 C - 12 bread rations


   Skills:
 - Level 9.1 Fighting
 - Level 8.4 Armour
 - Level 11.5 Dodging
 + Level 14.8 Shields
 - Level 15.2 Unarmed Combat


You had 10 spell levels left.
You didn't know any spells.

Dungeon Overview and Level Annotations

Branches:
Dungeon (1/1)

Altars:
Cheibriados
Dithmenos
Elyvilon
Fedhas
Gozag
Kikubaaqudgha
Makhleb
Nemelex Xobeh
Okawaru
Qazlal
Ru
Sif Muna
Trog
Vehumet
Xom
Yredelemnul
Zin
The Shining One
Beogh
Jiyva
Lugonu

Shops:
D (*[?


Innate Abilities, Weirdness & Mutations

You are too large for most types of armour.
You have claws for hands.
Your metabolism is lightning-fast.
You like to eat raw meat.
You heal very quickly.
You are covered in fur (AC +1).
You have very tough skin (AC +2).


Message History

You scratch the deep elf knight.
The deep elf knight begins to bleed from its wounds!
The deep elf knight is lightly wounded.
You block the deep elf knight's attack. The deep elf knight blocks your attack.
The deep elf knight is lightly wounded.
The deep elf knight points at you and mumbles some strange words.
The shard of ice hits you! You partially resist.
* * * LOW HITPOINT WARNING * * *
You scratch the deep elf knight.
The deep elf knight is lightly wounded.
You block the deep elf knight's attack. You block the deep elf knight's attack.
Drink which item? (? for menu, Esc to quit)
Okay, then.
You closely miss the deep elf knight.
The deep elf knight is moderately wounded.
The deep elf knight casts a spell at you.
The shard of ice hits you! You partially resist.
You die...

▓.▓.▓.▓.▓.▓.▓.▓,*+*,*,*,*,*,*,
▓.▓.▓'▓.▓.▓.▓.▓,*,*,*,*,*,*,*,
▓.▓.▓.▓.▓.▓.▓.▓,*,*,*,*,*,*,*,
▓.▓.▓.▓.▓∩▓.▓.▓,*,*,*,*,*,*,*,
▓.▓.▓)▓.▓)▓.▓.▓,*,*,*,*,*,*,*,
▓.▓.▓.▓.▓∩▓.▓.▓,*,*,*,*,*,*,*,
▓)▓.▓.▓.▓)▓.▓)▓,*,*,*,*,*,*,*+
▓.▓.▓.▓.▓∩▓.▓e▓,*,*,*,*,*,*,*,
▓.▓.▓.▓.▓.▓.▓@▓,*,*,*,*,*,*,*,
▓[▓.▓.▓.▓∩▓.▓)▓,*,*,*,*,*,*,*,
▓[▓.▓.▓.▓)▓.▓)▓,*+*,*,*,*,*,*,
▓.▓.▓.▓.▓.▓.▓(▓,*,*,*,*,*,*,*,
▓)▓.▓.▓.▓)▓.▓(▓,*,*,*,*,*,*,*,
▓|▓.▓.▓.▓)▓.▓(▓,*,*,*,*,*,*,*,
▓.▓.▓'▓.▓[▓.▓(▓,*,*,*,*,*,*,*,
▓.▓.▓.▓.▓)▓.▓.▓,*,*,*,*,*,*,*,
▓'▓.▓.▓.▓.▓.▓.▓,*≈*,*,*,*,*,*,


You could see a deep elf knight (bleeding).

Vanquished Creatures
  A stone giant (D)
  An ettin (D)
  An ice dragon (D)
  3 centaur warriors (D)
  A death yak (D)
  A tengu warrior (D)
  Urug (D)
  An orc knight (D)
  6 orc sorcerers (D)
  A griffon (D)
  A cyclops (D)
  2 smoke demons (D)
  A komodo dragon (D)
  A tengu conjurer (D)
  2 giant leeches (D)
  A two-headed ogre (D)
  A red devil (D)
  A blink frog (D)
  A basilisk (D)
  A ynoxinul (D)
  A wraith (D)
  3 yaks (D)
  A hippogriff (D)
  A vampire mosquito (D)
  2 water moccasins (D)
  4 porcupines (D)
  A black bear (D)
  11 orc warriors (D)
  An ice beast (D)
  6 giant frogs (D)
  A crimson imp (D)
  2 hounds (D)
  A jelly (D)
  An iron imp (D)
  2 orc priests (D)
  12 orc wizards (D)
  An iguana (D)
  A river rat (D)
  3 adders (D)
  A shadow imp (D)
  7 orcs (D)
  A ball python (D)
  A bat skeleton (D)
  2 bat zombies (D)
  A giant cockroach (D)
  2 goblins (D)
  A hobgoblin (D)
  A jackal (D)
  A kobold (D)
  A quokka (D)
  A ball python skeleton (D)
  A giant gecko zombie (D)
  A rat (D)
106 creatures vanquished.

Vanquished Creatures (others)
  A fungus (D)
  A plant (D)
2 creatures vanquished.

Grand Total: 108 creatures vanquished

Notes
Turn   | Place    | Note
--------------------------------------------------------------
     0 | D        | Monkaria, the Troll Fighter, began the quest for the Orb.
     0 | D        | Reached XP level 1. HP: 22/22 MP: 1/1
     7 | D        | Reached skill level 3 in Fighting
    18 | D        | Noticed an iguana
    18 | D        | Noticed a crimson imp
    21 | D        | Reached XP level 2. HP: 29/32 MP: 1/1
    32 | D        | Killed a crimson imp
    32 | D        | Reached skill level 5 in Fighting
    32 | D        | Reached XP level 3. HP: 38/42 MP: 2/2
    42 | D        | HP: 2/42 [iguana (12)]
    43 | D        | Killed an iguana
    43 | D        | Reached XP level 4. HP: 2/52 MP: 2/2
   157 | D        | Found a glowing silver altar of Zin.
   157 | D        | Found a glowing golden altar of the Shining One.
   157 | D        | Found an ancient bone altar of Kikubaaqudgha.
   157 | D        | Found a basalt altar of Yredelemnul.
   157 | D        | Found a shimmering altar of Xom.
   157 | D        | Found a radiant altar of Vehumet.
   157 | D        | Found an iron altar of Okawaru.
   158 | D        | Found a burning altar of Makhleb.
   159 | D        | Found a deep blue altar of Sif Muna.
   160 | D        | Found a bloodstained altar of Trog.
   161 | D        | Found a sparkling altar of Nemelex Xobeh.
   162 | D        | Found a white marble altar of Elyvilon.
   163 | D        | Found a roughly hewn altar of Beogh.
   164 | D        | Found a viscous altar of Jiyva.
   165 | D        | Found a corrupted altar of Lugonu.
   166 | D        | Found a blossoming altar of Fedhas.
   167 | D        | Became a worshipper of Makhleb the Destroyer
   168 | D        | Found a snail-covered altar of Cheibriados.
   169 | D        | Found a shadowy altar of Dithmenos.
   170 | D        | Found a stormy altar of Qazlal.
   171 | D        | Found an opulent altar of Gozag.
   172 | D        | Found a sacrificial altar of Ru.
   206 | D        | Noticed a black bear
   206 | D        | Noticed a two-headed ogre
   209 | D        | Reached skill level 6 in Fighting
   209 | D        | Reached skill level 5 in Unarmed Combat
   210 | D        | Acquired Makhleb's first power
   213 | D        | Killed a two-headed ogre
   213 | D        | Acquired Makhleb's second power
   213 | D        | Reached skill level 7 in Fighting
   213 | D        | Reached skill level 9 in Unarmed Combat
   213 | D        | Reached XP level 5. HP: 4/63 MP: 2/2
   213 | D        | Reached XP level 6. HP: 4/72 MP: 3/3
   213 | D        | Killed a black bear
   213 | D        | Reached skill level 10 in Unarmed Combat
   309 | D        | Noticed a hound
   309 | D        | Noticed a jelly
   309 | D        | Noticed a giant frog
   309 | D        | Noticed a centaur warrior
   319 | D        | HP: 2/72 [centaur warrior (15)]
   320 | D        | Killed a centaur warrior
   320 | D        | Reached skill level 14 in Unarmed Combat
   320 | D        | Reached XP level 7. HP: 16/80 MP: 3/3
   320 | D        | Reached XP level 8. HP: 17/88 MP: 3/3
   323 | D        | Killed a giant frog
   323 | D        | Acquired Makhleb's third power
   325 | D        | Killed a jelly
   334 | D        | Killed a hound
   334 | D        | Acquired Makhleb's fourth power
   628 | D        | Noticed a porcupine
   628 | D        | Noticed a yak
   628 | D        | Noticed a hound
   628 | D        | Noticed a porcupine
   628 | D        | Noticed a komodo dragon
   635 | D        | Killed a komodo dragon
   635 | D        | Reached skill level 15 in Unarmed Combat
   637 | D        | Killed a porcupine
   637 | D        | Reached skill level 5 in Armour
   638 | D        | Acquired Makhleb's fifth power
   640 | D        | Noticed a griffon
   646 | D        | Killed a hound
   650 | D        | Killed a yak
   651 | D        | Killed a porcupine
   658 | D        | Killed a griffon
   658 | D        | Reached XP level 9. HP: 96/96 MP: 4/4
   682 | D        | Noticed a yak
   682 | D        | Noticed a water moccasin
   682 | D        | Noticed a water moccasin
   682 | D        | Noticed a basilisk
   682 | D        | Noticed a porcupine
   682 | D        | Noticed a porcupine
   682 | D        | Noticed a hippogriff
   685 | D        | Killed a hippogriff
   692 | D        | Killed a porcupine
   693 | D        | Noticed a yak
   695 | D        | Killed a porcupine
   695 | D        | Reached skill level 5 in Shields
   697 | D        | Killed a basilisk
   713 | D        | Killed a water moccasin
   716 | D        | Killed a water moccasin
   719 | D        | Killed a yak
   724 | D        | Killed a yak
   878 | D        | Noticed a giant leech
   878 | D        | Noticed a giant frog
   878 | D        | Noticed a blink frog
   878 | D        | Noticed a vampire mosquito
   878 | D        | Noticed a giant leech
   878 | D        | Noticed a giant frog
   878 | D        | Noticed a giant frog
   882 | D        | Killed a giant frog
   895 | D        | Killed a giant frog
   897 | D        | Killed a blink frog
   903 | D        | Noticed a giant frog
   907 | D        | Killed a giant leech
   910 | D        | Killed a vampire mosquito
   912 | D        | Killed a giant frog
   920 | D        | Killed a giant leech
   920 | D        | Reached skill level 10 in Shields
   920 | D        | Reached XP level 10. HP: 94/104 MP: 4/4
   921 | D        | Killed a giant frog
  1049 | D        | Noticed an orc wizard
  1049 | D        | Noticed an orc priest
  1049 | D        | Noticed an orc priest
  1049 | D        | Noticed an orc wizard
  1050 | D        | Noticed an orc knight
  1053 | D        | Killed an orc wizard
  1054 | D        | Noticed an orc wizard
  1059 | D        | Killed an orc priest
  1059 | D        | Reached skill level 1 in Dodging
  1061 | D        | Noticed an orc wizard
  1066 | D        | Killed an orc priest
  1066 | D        | Killed an orc wizard
  1070 | D        | Killed an orc knight
  1073 | D        | Killed an orc wizard
  1076 | D        | Noticed an orc wizard
  1088 | D        | Killed an orc wizard
  1092 | D        | Killed an orc wizard
  1129 | D        | Noticed an orc warrior
  1129 | D        | Noticed an orc warrior
  1129 | D        | Noticed an orc warrior
  1129 | D        | Noticed an orc warrior
  1129 | D        | Noticed an orc warrior
  1129 | D        | Noticed an orc warrior
  1132 | D        | Noticed an orc warrior
  1133 | D        | Noticed an orc warrior
  1133 | D        | Killed an orc warrior
  1133 | D        | Reached skill level 5 in Dodging
  1137 | D        | Killed an orc warrior
  1138 | D        | Noticed an orc warrior
  1140 | D        | Noticed an orc warrior
  1151 | D        | Killed an orc warrior
  1155 | D        | Killed an orc warrior
  1160 | D        | Noticed an orc warrior
  1163 | D        | Killed an orc warrior
  1167 | D        | Killed an orc warrior
  1180 | D        | Killed an orc warrior
  1188 | D        | Killed an orc warrior
  1192 | D        | Killed an orc warrior
  1195 | D        | Killed an orc warrior
  1199 | D        | Killed an orc warrior
  1269 | D        | Found Sixtail's Magic Scroll Boutique.
  1269 | D        | Noticed an orc wizard
  1269 | D        | Noticed an orc sorcerer
  1269 | D        | Noticed an orc wizard
  1269 | D        | Noticed an orc sorcerer
  1269 | D        | Noticed an orc wizard
  1269 | D        | Noticed an orc wizard
  1271 | D        | Killed an orc wizard
  1272 | D        | Found Laosay's Antique Armour Shop.
  1272 | D        | Noticed an orc sorcerer
  1274 | D        | Noticed an orc wizard
  1275 | D        | Killed an orc sorcerer
  1278 | D        | Killed an orc wizard
  1289 | D        | Killed an orc sorcerer
  1296 | D        | Found Vuece's General Store.
  1300 | D        | Killed an orc sorcerer
  1300 | D        | Reached skill level 10 in Dodging
  1302 | D        | Killed an orc wizard
  1305 | D        | Found Qigist's Antique Weapon Shop.
  1308 | D        | Killed an orc wizard
  1309 | D        | Killed an orc wizard
  1310 | D        | Noticed an orc sorcerer
  1311 | D        | Noticed an orc sorcerer
  1312 | D        | Noticed an orc wizard
  1313 | D        | Noticed an orc sorcerer
  1317 | D        | Paralysed by an orc sorcerer for 6 turns
  1318 | D        | Noticed an orc wizard
  1319 | D        | Noticed a sixfirhy
  1326 | D        | Killed an orc sorcerer
  1336 | D        | Killed an orc sorcerer
  1336 | D        | Reached XP level 11. HP: 72/111 MP: 4/4
  1350 | D        | Killed an orc sorcerer
  1351 | D        | Killed an orc wizard
  1356 | D        | Killed an orc wizard
  1440 | D        | Bought a scroll of enchant armour for 90 gold pieces
  1444 | D        | Bought a scroll of magic mapping for 38 gold pieces
  1444 | D        | Bought a potion of curing for 33 gold pieces
  1444 | D        | Bought an uncursed ring of see invisible for 165 gold pieces
  1444 | D        | Bought a potion of berserk rage for 55 gold pieces
  1569 | D        | Noticed Urug
  1629 | D        | Killed Urug
  1727 | D        | Got the +7 rapier of Dismemberment {distort, rC+}
  1786 | D        | Noticed a centaur warrior
  1786 | D        | Noticed an ice beast
  1786 | D        | Noticed a wraith
  1786 | D        | Noticed a giant frog
  1786 | D        | Noticed a centaur warrior
  1791 | D        | Noticed a cyclops
  1792 | D        | Noticed a tengu conjurer
  1793 | D        | Noticed an ettin
  1801 | D        | Killed a centaur warrior
  1804 | D        | Noticed a stone giant
  1807 | D        | Killed a giant frog
  1811 | D        | Noticed a death yak
  1812 | D        | Killed a wraith
  1818 | D        | Killed an ice beast
  1822 | D        | Killed a centaur warrior
  1826 | D        | Noticed an ice dragon
  1829 | D        | Killed a stone giant
  1833 | D        | Killed an ettin
  1837 | D        | Killed a cyclops
  1849 | D        | Killed a death yak
  1854 | D        | Noticed a tengu warrior
  1855 | D        | Noticed a deep elf knight
  1860 | D        | Killed a tengu conjurer
  1871 | D        | Killed an ice dragon
  1878 | D        | Killed a tengu warrior
  1886 | D        | Killed from afar by a deep elf knight

Action                   |  1- 3 |  4- 6 |  7- 9 | 10-12 || total
-------------------------+-------+-------+-------+-------++-------
Melee: Unarmed           |    32 |    15 |   108 |   250 ||   405
Evoke: Wand              |       |     3 |       |     1 ||     4
  Use: Scroll            |       |       |     1 |     2 ||     3
       Potion            |       |       |     1 |     8 ||     9
  Eat: Chunk             |       |     8 |     6 |     6 ||    20
